Map: Goldenaura LE

Players

A.I. 1 (Elite)

  • Race: Zerg Zerg
  • Spawn Location: 5:00

Kaxolix - Winner!

  • Race: Terran Terran
  • Spawn Location: 12:00

VOD

Have the link to the VOD?

Description

Time

  • Played on: Aug. 10, 2024, 1:03 p.m.
  • Length: 11:01
Show
View Real Time Build Order
Export as new Build Order

A.I. 1 (Elite) Zerg 

Build Orders: Pool First 

Get SALT Encoding   

  12  0:00  Drone  
  13  0:08  Drone  
  14  0:17  Overlord  
  14  0:34  Spawning Pool  
  13  0:36  Drone  
  13  0:41  Extractor  
  13  0:44  Drone  
  13  0:48  Drone  
  15  1:21  Queen  
  15  1:22  Zergling x6  
  20  1:53  Hatchery  
  19  1:58  Drone  
  20  2:03  Zergling x2  
  21  2:09  Zergling x2  
  22  2:19  Overlord  
  21  2:37  Zergling x6  
  21  2:38  Zergling x2  
  21  2:43  Zergling x2  
  26  2:51  Zergling x2  
  27  3:01  Zergling x4  
  29  3:07  Zergling x2  
  29  3:12  Zergling x2  
  29  3:17  Drone  
  29  3:22  Drone  
  30  3:28  Drone  
  31  3:34  Drone  
  32  3:44  Overlord  
  32  3:58  Roach Warren  
  31  4:05  Drone  
  32  4:12  Lair  
  32  4:32  Drone  
  32  4:35  Drone  
  32  4:37  Roach  
  36  4:42  Overlord  
  36  4:47  Roach  
  36  4:51  Roach  
  40  5:00  Roach, Drone  
  40  5:03  Roach  
  45  5:08  Overlord  
  45  5:12  Hydralisk Den  
  45  5:13  Roach  
  46  5:16  Drone  
  46  5:18  Drone  
  48  5:21  Drone  
  48  5:26  Drone  
  48  5:27  Drone  
  51  5:30  Drone  
  51  5:35  Overlord  
  52  5:38  Drone  
  52  5:40  Drone  
  52  5:41  Hydralisk  
  56  5:45  Hydralisk  
  56  5:48  Drone  
  59  5:53  Drone x2  
  61  6:00  Drone  
  55  6:04  Drone  
  55  6:10  Drone  
  52  6:11  Infestation Pit  
  45  6:21  Hydralisk  
  35  6:39  Drone  
  34  6:48  Infestor  
  34  6:49  Drone  
  35  6:55  Drone  
  35  7:00  Drone  
  35  7:05  Zergling x2  
  36  7:11  Drone  
  38  7:15  Drone  
  38  7:20  Drone  
  39  7:28  Hydralisk  
  41  7:33  Drone  
  41  7:36  Drone  
  43  7:41  Drone  
  43  7:43  Drone  
  45  7:47  Drone  
  45  7:50  Drone  
  47  7:52  Drone  
  47  7:56  Drone  
  50  7:58  Drone  
  50  8:01  Drone  
  50  8:03  Drone  
  52  8:06  Drone  
  52  8:09  Drone  
  53  8:15  Zergling x2  
  53  8:17  Zergling x2, Roach  
  53  8:19  Drone  
  53  8:22  Roach  
  47  8:27  Roach  
  47  8:30  Roach  
  47  8:38  Roach  
  49  8:41  Roach  
  49  8:45  Extractor  
  49  8:46  Extractor  
  49  8:48  Hydralisk  
  45  8:50  Zergling x2, Roach, Drone  
  45  8:52  Zergling x2  
  45  8:55  Overseer  
  48  8:59  Hydralisk  
  49  9:02  Drone  
  49  9:07  Extractor  
  46  9:11  Drone  
  46  9:13  Zergling x2  
  44  9:21  Zergling x2, Roach x2  
  44  9:23  Roach  
  47  9:24  Roach  
  46  9:33  Roach  
  46  9:35  Drone  
  43  9:44  Roach  
  43  9:48  Zergling x2  
  40  9:53  Roach  
  38  10:01  Zergling x2  
  38  10:02  Overseer  
  38  10:04  Drone  
Show
View Real Time Build Order
Export as new Build Order

Kaxolix Terran - Winner!

Build Orders: Mech 

Get SALT Encoding   

  12  0:01  SCV  
  13  0:13  SCV  
  14  0:25  SCV  
  14  0:28  Supply Depot  
  15  0:36  Refinery  
  15  0:49  SCV  
  16  0:51  Barracks  
  16  0:59  Supply Depot  
  16  1:21  SCV, Refinery  
  17  1:33  SCV  
  17  1:39  Barracks Reactor  
  18  2:02  Factory  
  18  2:15  Marine x2  
  20  2:26  SCV  
  21  2:38  SCV  
  22  3:16  Hellion x2  
  22  3:19  Barracks Reactor  
  26  3:21  SCV  
  27  3:34  Command Center  
  27  3:38  Bunker  
  27  3:48  SCV  
  28  3:59  Supply Depot  
  28  4:00  SCV  
  29  4:08  Supply Depot  
  29  4:12  SCV  
  30  4:22  Supply Depot  
  30  4:24  SCV  
  30  4:25  Marine x2, Hellion x2  
  37  4:31  Supply Depot  
  37  4:36  SCV  
  38  4:38  Factory  
  38  4:47  Hellion  
  40  4:57  Hellion  
  40  4:58  Marine x2  
  44  5:18  Marine  
  44  5:19  Marine  
  46  5:36  Marine x2  
  46  5:40  SCV  
  46  5:41  SCV  
  50  5:46  Factory Tech Lab  
  50  5:52  SCV  
  50  5:53  SCV  
  50  5:54  Marine x2  
  54  6:04  SCV  
  54  6:05  SCV  
  54  6:25  Marine, Siege Tank  
  57  6:26  Marine  
  57  6:27  Hellion x2  
  61  6:43  Marine  
  61  6:44  Marine  
  63  6:48  Hellion x2  
  61  6:57  Siege Tank  
  62  7:01  Marine x2  
  64  7:10  Hellion x2  
  64  7:12  Factory  
  68  7:18  Barracks  
  68  7:25  Marine x2  
  70  7:31  SCV, Hellion x2  
  75  7:43  SCV  
  76  7:58  Marine x2  
  76  8:01  Factory Reactor  
  76  8:05  Supply Depot  
  76  8:16  Marine x2  
  76  8:17  Siege Tank  
  70  8:27  Supply Depot  
  70  8:34  Marine x2  
  71  8:51  Supply Depot  
  70  9:15  Supply Depot  
  61  10:08  Marine x2  
  61  10:09  Barracks Reactor  
  61  10:11  Hellion x2  
  61  10:12  Siege Tank  
  61  10:13  Hellion x2  
  65  10:26  Marine x2  
  65  10:27  Refinery  
  67  10:33  Hellion x2  
  67  10:34  Hellion x2  
Tags
 
Composition
Mech
Matchup
TvZ
Opening
Pool First
Spawn Locations
Cross Positions
Add a new tag
Caveats
  • Supply blocks, unpowered buildings, or Contaminate may cause inaccurate times.
  • Supply counts are checked every 10 seconds.